 Dungeon Crawl Stone Soup version 0.30-a0-359-gd0147acb1a (webtiles) character file.

Game seed: 4067460573040363634

23 bande the Shield-Bearer (level 3, -1/23 HPs)
             Began as a Gargoyle Fighter on Nov 13, 2022.
             Constricted to death by Sigmund (2 damage)
             ... on level 2 of the Dungeon.
             The game lasted 00:01:37 (989 turns).

bande the Shield-Bearer (Gargoyle Fighter)           Turns: 989, Time: 00:01:37

Health: -1/23      AC: 10    Str: 19    XL:     3   Next: 0%
Magic:  3/3        EV:  6    Int:  8    God:
Gold:   25         SH:  0    Dex: 11    Spells: 2/2 levels left

rFire   . . .      SeeInvis .    a - +0 war axe
rCold   . . .      Faith    .    c - +0 buckler
rNeg    + . .      Spirit   .    b - +0 scale mail
rPois   ∞          Reflect  .    (no helmet)
rElec   +          Harm     .    (no cloak)
rCorr   .          Rampage  .    (no gloves)
Will    .....                    (no boots)
Stlth   ..........               (no amulet)
HPRegen 0.23/turn                (no ring)
MPRegen 0.08/turn                (no ring)

@: confused, grasped by roots, constricted
A: sickness immunity, AC +3, negative energy resistance 1, electricity
resistance, torment resistance 1, petrification resistance
a: no special abilities


You were on level 2 of the Dungeon.
You visited 1 branch of the dungeon, and saw 2 of its levels.

You collected 25 gold pieces.

Inventory:

Hand Weapons
 a - a +0 war axe (weapon)
Armour
 b - a +0 scale mail (worn)
 c - a +0 buckler (worn)
Scrolls
 f - a scroll of fog {unknown}
 h - a scroll of vulnerability {unknown}
 i - a scroll of enchant weapon {unknown}
 j - 3 scrolls of identify {unknown}
 l - a scroll of summoning {unknown}
 o - a scroll of blinking {unknown}
Potions
 d - a potion of might
 e - a potion of flight {unknown}
 g - 3 potions of attraction {unknown}
 k - a potion of experience {unknown}
 m - a potion of degeneration {unknown}
 n - a potion of brilliance {unknown}


   Skills:
 + Level 3.5 Fighting
 + Level 2.2 Axes
 + Level 3.5 Armour
 + Level 3.7 Shields


You had 2 spell levels left.
You didn't know any spells.
Your spell library was empty.

Dungeon Overview and Level Annotations

Branches:
Dungeon (2/15)

Altars:

Shops:
D:1 [

Annotations:
D:2 Sigmund


Innate Abilities, Weirdness & Mutations

You are immune to sickness and miasma.
Your stone body is resilient. (AC +3)
You are immune to poison.
You resist negative energy. (rN+)
You are resistant to electric shocks. (rElec)
You are resistant to unholy torment.
You are immune to petrification.


Message History

Deactivating autopickup; reactivate with Ctrl-A.
No target in view!
No target in view!
No target in view!
No target in view!
No target in view!
You hear a zap.
The roots erupt in riotous growth!
The grasping roots grab you!
You are constricted.
You slash something! Something hits you but does no damage.
You are constricted.
The grasping roots release their grip on you.
You miss something. Something hits you.
You barely miss something. Something hits you but does no damage.
You miss something.
You hear a zap.
The roots erupt in riotous growth!
The grasping roots grab you!
You are constricted.
You miss something. Something hits you!
You are constricted.
You hit something. Something hits you.
* * * LOW HITPOINT WARNING * * *
You are constricted.
* * * LOW HITPOINT WARNING * * *
The grasping roots release their grip on you.
You miss something. Something hits you but does no damage.
You miss something.
You hear some strange, mumbled words.
You are confused.
You miss something.
You hear a zap.
The roots erupt in riotous growth!
The grasping roots grab you!
You are constricted.
* * * LOW HITPOINT WARNING * * *
Something hits you.
* * * LOW HITPOINT WARNING * * *
You are constricted.
You die...

. #.# #....#.#
#.#.### .. #.#
#....#.#####+#'#..
..# #.#
#....#..........<#
.. #.#
####.#..........##
#.#.###
#[#...)......'.
#.....##
#.##<....(...##
###.#..## #.#
.........#
#.##..####
.........#
#.###..@{#
########## #.#
####....# #..
....# ### ###.# ..
#.


There were no monsters in sight!

Vanquished Creatures
  6 endoplasms (D:1)
  A giant cockroach (D:1)
  2 goblins (D:1)
  2 hobgoblins (D:1)
  2 kobolds
  A ball python (D:1)
  A bat (D:1)
  A frilled lizard (D:2)
  5 rats (D:1)
21 creatures vanquished.

Notes
Turn   | Place    | Note
-------+----------+-------------------------------------------
     0 | D:1      | bande the Gargoyle Fighter began the quest for the Orb.
     0 | D:1      | Reached XP level 1. HP: 14/14 MP: 1/1
   166 | D:1      | Found a faded altar of an unknown god.
   168 | D:1      | Reached XP level 2. HP: 19/19 MP: 2/2
   229 | D:1      | Found Fayn's Antique Armour Emporium.
   862 | D:2      | Reached XP level 3. HP: 23/23 MP: 3/3
   976 | D:2      | Noticed Sigmund
   989 | D:2      | HP: 1/23 [something (2)]
   989 | D:2      | Constricted to death by Sigmund

Illustrated notes

Levels and vault maps discovered:
D:1:      dpeg_arrival_round_a, layout_basic, hellmonk_ecumenical_altar_blasted,
          serial_shops, nicolae_shop_window_shopping, minmay_misc_feat_roman,
          kennysheep_doodads
D:2:      layout_basic, uniq_sigmund

Skill      XL: |  1 |
---------------+----+-----
Axes           | 2 |  2.2
Fighting       | |  3.5
Armour         | |  3.5
Shields        | |  3.7

Action                   || total
-------------------------++-------
Melee: War axe           ||    73
Armor: Scale mail        ||    31
Dodge: Dodged            ||    28
Block: Buckler           ||    11

Table legend: (Time is in decaauts)
 A = Elapsed time spent in this place.
 B = Non-inter-level travel time spent in this place.
 C = Inter-level travel time spent in this place.
 D = Time resting spent in this place.
 E = Time spent auto-exploring this place.
 F = Levels seen in this place.
 G = Mean time per level.
                   A        B        C        D        E       F      G
               +--------+--------+--------+--------+--------+-----+--------+
         Total |   1019 |    996 |     23 |    130 |    672 |   2 |  509.5 |
       Dungeon |   1019 |    996 |     23 |    130 |    672 |   2 |  509.5 |
               +--------+--------+--------+--------+--------+-----+--------+

Top non-repeatable levels by time:
     D:1: 841 daAuts
     D:2: 178 daAuts
